 Dungeon Crawl Stone Soup version 0.31-a0-187-gba352fbbf7 (webtiles) character file.

Game seed: 5034544752561674198

212 qw the Skirmisher (level 5, -2/30 HPs)
             Began as a Deep Elf Hunter on June 22, 2023.
             Slain by Grinder (5 damage)
             ... on level 4 of the Dungeon.
             The game lasted 00:01:50 (3261 turns).

qw the Skirmisher (Deep Elf Hunter)                 Turns: 3261, Time: 00:01:50

Health: -2/30      AC:  5    Str: 10    XL:     5   Next: 58%
Magic:  7/7        EV: 11    Int: 14    God:
Gold:   66         SH:  0    Dex: 18    Spells: 4/4 levels left

rFire   . . .        Y - +0 shortbow
rCold   . . .        (shield currently unavailable)
rNeg    . . .        e - +0 ring mail
rPois   .            (no helmet)
rElec   .            (no cloak)
rCorr   .            (no gloves)
SInv    .            (no boots)
Will    .....        (no amulet)
Stlth   +            (no ring)
HPRegen 0.25/turn    (no ring)
MPRegen 0.10/turn

%: no passive effects
@: about to teleport
A: no striking features
a: no special abilities


You were on level 4 of the Dungeon.
You visited 1 branch of the dungeon, and saw 4 of its levels.

You collected 66 gold pieces.


   Skills:
 + Level 1.8 Fighting
 - Level 9.0 Ranged Weapons
 - Level 2.4 Dodging
 - Level 1.2 Stealth


You had 4 spell levels left.
You didn't know any spells.
Your spell library was empty.

Inventory:

Hand Weapons
 Y - a +0 shortbow (weapon)
Armour
 e - a +0 ring mail (worn)
Wands
 h - a wand of digging (3)
Scrolls
 c - a scroll of identify
 i - a scroll of enchant armour {unknown}
Potions
 b - a potion of magic {unknown}
 d - a potion of heal wounds {unknown}
 f - a potion of cancellation {unknown}
 g - a potion of enlightenment {unknown}
 j - a potion of lignification {unknown}

Dungeon Overview and Level Annotations

Branches:
Dungeon (4/15)
 Temple: D:4-7

Altars:

Annotations:
D:3 1 runed translucent door, Crazy Yiuf
D:4 Grinder


Message History

HP restored.
Could not explore, unopened runed door.
(D) Dungeon
Where to? (* - list waypoints, Enter - D:4, ? - help)
What level of the Dungeon? (default 1, ? - help) Crazy Yiuf glowers.
There is a stone staircase leading down here.
You climb downwards.
There is a stone staircase leading up here.
i - a scroll labelled SORI BUGOI
j - a sapphire potion You now have 66 gold pieces (gained 13).
Grinder comes into view.
Grinder shouts!
You shoot an arrow. The arrow closely misses Grinder.
Grinder blinks!
Grinder is nearby!
You shoot an arrow. The arrow hits Grinder.
Grinder is lightly wounded.
You shoot an arrow. The arrow barely misses Grinder.
You shoot an arrow. The arrow barely misses Grinder.
You shoot an arrow. The arrow barely misses Grinder.
You shoot an arrow. The arrow hits Grinder!
Grinder is moderately wounded.
You shoot an arrow.
The arrow hits Grinder but does no damage.
Grinder is moderately wounded.
Grinder barely misses you.
You shoot an arrow. The arrow hits Grinder.
Grinder is moderately wounded.
Grinder hits you.
You writhe in agony.
You shoot an arrow. The arrow hits Grinder!
Grinder is heavily wounded.
Grinder gestures at you. Pain shoots through your body!
3261 ||| READING scroll of teleportation.
As you read the scroll of teleportation, it crumbles to dust.
You feel strangely unstable. Grinder hits you.
You writhe in agony.
You die...

...............
..................
..................
..........$.......
..................
..................
..........5.......
...%.....)@.......
.......<..........#
......%...........#
..................#
#................#
##..............##
.................#
####...........#..
#.#........#.###


You could see Grinder.

Vanquished Creatures
  Jessica (D:3)
  An orc wizard (D:3)
  Natasha (thrice) (D:3)
  2 adders (D:3)
  A shadow imp (D:3)
  A dart slug (D:1)
  4 orcs (D:3)
  8 ball pythons
  4 endoplasms
  3 giant cockroaches (D:3)
  7 goblins
  3 hobgoblins
  3 jackals (D:2)
  5 kobolds
  4 bats
  3 frilled lizards
  4 rats
57 creatures vanquished.

Notes
Turn   | Place    | Note
-------+----------+-------------------------------------------
     0 | D:1      | qw the Deep Elf Hunter began the quest for the Orb.
     0 | D:1      | Reached XP level 1. HP: 12/12 MP: 3/3
     0 | D:1      | 0 ||| qw: Version: 0.3-a-9-g12657ce
     0 | D:1      | 0 ||| qw: Game counter: 2460
     0 | D:1      | 0 ||| qw: Always use a shield: true
     0 | D:1      | 0 ||| qw: God list: Okawaru
     0 | D:1      | 0 ||| qw: Allow faded altars: false
     0 | D:1      | 0 ||| qw: Do Orc after D:15 true
     0 | D:1      | 0 ||| qw: Do second Lair branch before Depths: true
     0 | D:1      | 0 ||| qw: Lair rune preference: random
     0 | D:1      | 0 ||| qw: Plans: Normal
     0 | D:1      | 0 ||| PLANNING D:1-11
    83 | D:1      | 83 ||| FLEEEEING.
    84 | D:1      | 84 ||| FLEEEEING.
    86 | D:1      | 86 ||| FLEEEEING.
   140 | D:1      | Reached skill level 6 in Ranged Weapons
   140 | D:1      | Reached XP level 2. HP: 16/16 MP: 4/4
   330 | D:1      | Found a faded altar of an unknown god.
   720 | D:1      | 720 ||| UPGRADING to +0 ring mail.
   730 | D:1      | 730 ||| DROPPING +0 leather armour.
   731 | D:1      | 731 ||| READING 2 scrolls labelled WOKIB FAGIRANA.
   735 | D:1      | 735 ||| READING scroll labelled ZUALAKHLAWAA.
   736 | D:1      | 736 ||| READING scroll labelled NUGAXO OLETZ.
   737 | D:1      | 737 ||| DROPPING scroll of butterflies.
   969 | D:2      | Reached XP level 3. HP: 20/20 MP: 5/5
  1290 | D:2      | 1290 ||| READING 2 scrolls labelled DIERCH MUACS.
  1291 | D:2      | 1291 ||| DRINKING 2 lumpy white potions.
  1292 | D:2      | 1292 ||| DROPPING potion of invisibility.
  1397 | D:3      | HP: 4/20 [orc wizard/+0 dagger (2)]
  1398 | D:3      | 1398 ||| READING scroll of teleportation.
  1402 | D:3      | Reached skill level 7 in Ranged Weapons
  1413 | D:3      | Reached XP level 4. HP: 9/25 MP: 6/6
  1633 | D:3      | Found a runed translucent door.
  1634 | D:3      | Noticed Crazy Yiuf
  1792 | D:3      | Noticed Jessica
  1794 | D:3      | Killed Jessica
  1795 | D:3      | Reached skill level 8 in Ranged Weapons
  1929 | D:3      | Noticed Natasha
  1938 | D:3      | Killed Natasha
  1939 | D:3      | Reached XP level 5. HP: 25/29 MP: 7/7
  2128 | D:3      | Noticed Natasha
  2133 | D:3      | Killed Natasha
  2408 | D:3      | Noticed Natasha
  2419 | D:3      | Killed Natasha
  2420 | D:3      | Reached skill level 9 in Ranged Weapons
  3074 | D:4      | 3074 ||| STAIRDANCE
  3154 | D:4      | 3154 ||| STAIRDANCE
  3249 | D:4      | Noticed Grinder
  3260 | D:4      | HP: 6/30 [Grinder/nerve-wracking pain (14)]
  3261 | D:4      | 3261 ||| READING scroll of teleportation.
  3261 | D:4      | Slain by Grinder

Levels and vault maps discovered:
D:1:      sevenhm_arrival_forest_fort_large_2, layout_loops_ring,
          shapermc_ecumenical_altar_hornbeckon
D:2:      layout_rooms, serial_forest, infiniplex_forest_lined_ring,
          infiniplex_forest_clump_tiny, infiniplex_forest_join,
          infiniplex_forest_clump_curved, infiniplex_forest_clump_long,
          infiniplex_forest_straight_1, infiniplex_forest_clump_medium,
          infiniplex_forest_clump_curved
D:3:      cheibrodos_old_hovel, layout_loops_ring, uniq_jessica, uniq_natasha,
          uniq_crazy_yiuf_cottage
D:4:      layout_basic, nicolae_ru_path_of_blood, brannock_xom_greatest_gift,
          uniq_grinder, uniq_sigmund, uniq_eustachio

Skill      XL: |  1  2  3  4  5 |
---------------+----------------+-----
Ranged Weapons | 6 7 8 9 |  9.0
Fighting       | |  1.8
Dodging        | |  2.4
Stealth        | |  1.2

Action                     |  1- 3 |  4- 6 || total
---------------------------+-------+-------++-------
   Fire: Shortbow          |    93 |    86 ||   179
    Use: Scroll            |     5 |     1 ||     6
         Potion            |     1 |       ||     1
 Armour: Ring mail         |    19 |    14 ||    33
         Leather armour    |     1 |       ||     1
  Dodge: Dodged            |    32 |    20 ||    52

Table legend:
 A = Non-vault XP
 B = Vault XP
 C = Vault XP percentage of total XP
 D = Non-vault monster count
 E = Vault monster count
 F = Vault count percentage of total count
                 A         B        C        D         E       F
            +---------+---------+-------+---------+---------+-------
      Total |     232 |      71 |  23.4 |      54 |       3 |   5.3
            +---------+---------+-------+---------+---------+-------
        D:1 |      25 |       0 |   0.0 |      13 |       0 |   0.0
        D:2 |      19 |       0 |   0.0 |      12 |       0 |   0.0
        D:3 |     179 |      71 |  28.4 |      24 |       3 |  11.1
        D:4 |       9 |       0 |   0.0 |       5 |       0 |   0.0
            +---------+---------+-------+---------+---------+-------
